Map: Oxide LE

Players

Massa - Winner!

  • Race: Terran Terran
  • League: Platinum
  • Spawn Location: 1:00

VOD

Have the link to the VOD?

Description

Time

  • Played on: Jan. 29, 2021, 9:39 a.m.
  • Length: 23:36
Show
View Real Time Build Order
Export as new Build Order

Massa Terran - Winner!

Build Orders:  

Get SALT Encoding   

  12  0:07  SCV  
  13  0:24  SCV  
  14  0:41  SCV  
  14  0:48  Supply Depot  
  15  1:18  SCV  
  16  1:25  Command Center  
  16  1:35  SCV  
  16  1:37  Refinery  
  17  1:52  SCV  
  18  2:09  SCV  
  19  2:14  Supply Depot  
  19  2:26  SCV  
  20  2:43  SCV  
  20  2:49  Barracks  
  21  3:03  Command Center  
  21  3:09  SCV  
  22  3:15  SCV  
  23  3:26  SCV  
  23  3:27  Refinery  
  24  3:43  SCV  
  24  3:48  SCV  
  26  4:00  SCV  
  26  4:04  Barracks Tech Lab, Barracks  
  26  4:07  Stimpack  
  26  4:08  Orbital Command  
  27  4:21  Orbital Command  
  27  4:35  Marine  
  28  4:49  Barracks  
  28  4:57  SCV  
  28  4:58  SCV  
  30  5:04  Orbital Command  
  30  5:14  SCV x2  
  32  5:32  SCV  
  32  5:33  SCV  
  32  5:34  Barracks Reactor  
  32  5:36  Marine  
  35  5:44  Supply Depot  
  35  5:49  Barracks  
  35  5:53  SCV x2  
  35  5:54  SCV  
  35  5:56  Factory  
  35  5:57  Barracks Reactor  
  38  6:01  Marine  
  39  6:23  SCV  
  39  6:25  SCV x2  
  40  6:30  Marine x2  
  42  6:31  Marine  
  45  6:40  Command Center  
  45  6:46  SCV x3  
  48  6:51  Marine x2  
  48  6:54  Marine  
  48  6:55  Marine  
  48  6:56  Marine, Concussive Shells  
  48  6:58  Engineering Bay  
  48  6:59  Barracks Tech Lab, Factory Tech Lab  
  53  7:16  Marine x2  
  55  7:21  Armory, Marauder  
  55  7:26  Supply Depot  
  55  7:28  Supply Depot  
  57  7:32  SCV x3  
  57  7:33  Engineering Bay  
  60  7:41  Refinery  
  60  7:43  Refinery  
  60  7:49  SCV x3  
  63  7:50  Refinery  
  63  7:53  Refinery  
  63  8:04  Terran Infantry Weapons Level 1  
  63  8:06  SCV x3  
  60  8:13  Terran Infantry Armor Level 1  
  60  8:16  Unknown  
  60  8:17  Siege Tank  
  60  8:19  Marauder x2  
  67  8:20  Marine x4  
  71  8:34  Starport  
  71  8:45  Marine x2  
  71  8:49  SCV x3, Marauder  
  79  8:51  Planetary Fortress  
  78  9:02  Marauder, Siege Tank  
  78  9:03  Marine x2  
  78  9:04  Terran Vehicle Weapons Level 1  
  78  9:05  SCV  
  78  9:06  SCV x2  
  78  9:09  Marine  
  88  9:18  Marauder  
  91  9:23  Marine  
  91  9:28  Marine x2  
  94  9:32  Marauder  
  94  9:39  Barracks  
  96  9:42  Barracks x2  
  96  9:46  Starport Reactor  
  96  9:48  Marauder  
  98  9:50  Starport  
  98  10:20  Supply Depot x2  
  98  10:21  Supply Depot x2  
  98  10:26  Supply Depot  
  98  10:35  SCV x2  
  100  10:45  Terran Infantry Weapons Level 2  
  100  10:50  Medivac x2, Siege Tank  
  100  10:53  Terran Infantry Armor Level 2  
  100  10:54  Supply Depot  
  100  10:56  Supply Depot  
  100  10:57  Supply Depot  
  100  10:58  Supply Depot  
  107  11:02  Armory  
  107  11:04  Starport Tech Lab  
  107  11:16  Marauder x2  
  107  11:17  Marine x2  
  107  11:18  Barracks Reactor, Barracks Tech Lab  
  107  11:19  Barracks Tech Lab, Marine x2  
  115  11:28  Supply Depot  
  115  11:32  Medivac x2  
  115  11:34  Corvid Reactor  
  115  11:38  Raven  
  121  11:41  Marine  
  121  11:42  Marine  
  121  11:44  Marine  
  124  11:57  Terran Vehicle Weapons Level 2  
  124  12:04  SCV x3  
  124  12:05  SCV  
  128  12:20  Unknown  
  128  12:21  SCV  
  128  12:23  SCV x2  
  128  12:24  SCV  
  132  12:34  Sensor Tower  
  132  12:38  SCV  
  133  12:40  SCV  
  119  13:26  Siege Tank  
  119  13:29  Marauder x3  
  128  13:30  Marauder, Marine  
  128  13:31  Marine  
  128  13:32  Marine x3  
  135  13:45  Factory  
  135  13:47  Missile Turret  
  135  13:48  Factory  
  135  13:58  Marauder  
  135  13:59  Marauder  
  139  14:10  Terran Infantry Weapons Level 3, Terran Infantry Armor Level 3  
  139  14:11  Siege Tank  
  139  14:14  Terran Vehicle And Ship Armor Level 1  
  139  14:17  Medivac  
  139  14:18  Medivac  
  146  14:36  Command Center  
  146  14:38  Command Center  
  146  14:40  Refinery  
  146  14:43  Refinery  
  146  14:48  Factory Tech Lab  
  146  14:49  Factory Tech Lab  
  146  14:55  Command Center  
  146  14:56  Siege Tank  
  146  14:58  Command Center  
  149  15:18  Raven  
  149  15:19  Medivac x2  
  155  15:33  Terran Vehicle Weapons Level 3  
  155  16:14  Missile Turret  
  155  16:15  Missile Turret  
  155  16:18  Raven  
  157  16:23  Planetary Fortress  
  157  16:37  Cloaking Field  
  157  16:52  Supply Depot x2  
  157  16:53  Supply Depot  
  157  17:19  Starport x2  
  157  17:27  Supply Depot  
  157  17:28  Starport  
  157  17:30  Supply Depot  
  157  17:31  Supply Depot  
  157  17:35  Planetary Fortress  
  157  17:42  Raven  
  159  17:58  Terran Vehicle And Ship Armor Level 2  
  159  18:02  Supply Depot  
  159  18:06  Planetary Fortress  
  159  18:09  Planetary Fortress  
  159  18:16  Hi-Sec Auto Tracking  
  158  18:41  Raven  
  148  19:13  Marauder x4  
  148  19:14  Marine x3  
  148  19:15  Marine x2  
  148  19:16  Structure Armor  
  157  19:43  Marauder  
  151  21:17  Unknown  
  145  21:36  Medivac x3  
  145  21:37  Medivac x2  
  145  21:38  Raven  
  156  22:35  Marauder x2  
  156  22:36  Marauder  
  164  22:42  Ghost Academy  
  164  23:12  Command Center  
  164  23:19  Refinery  
  164  23:22  Refinery  
  164  23:25  Refinery  
Tags
 
League
Platinum
Matchup
Co-op
Replay Pack
Multiplayer
Add a new tag
Caveats
  • Supply blocks, unpowered buildings, or Contaminate may cause inaccurate times.
  • Supply counts are checked every 10 seconds.